[Event "Portuguese-ch U14-20 2022"]
[Site "Fatima"]
[Date "2022.04.12"]
[Round "5.10"]
[White "Vidal Torres, Ricardo"]
[Black "Pipiras, Filipa Fortuna"]
[Result "0-1"]
[ECO "A46"]
[WhiteElo "2332"]
[BlackElo "2000"]
[Annotator "TA"]
[PlyCount "72"]
[EventDate "2022.04.10"]
[EventType "swiss"]
[EventCountry "POR"]
[SourceTitle "playchess.com"]
[Source "ChessBase"]
[SourceQuality "1"]
[TimeControl "5400+30"]

1. d4 Nf6 2. Nf3 d5 3. c4 e6 4. cxd5 exd5 5. Bg5 c6 6. Nc3 Bf5 7. e3 Be7 8. Bd3 Bxd3 9. Qxd3 Nbd7 10. O-O O-O 11. Rab1 a5 12. a3 Ne4 {[%emt 0:07:36] D35: Queen's Gambit Declined: Exchange Variation.} 13. Bf4 Ndf6 14. Ne5 {[%emt 0:01:32] [#]} Nxc3 $146 {[%emt 0:03:20] The position is equal.} ({Predecessor:} 14... a4 15. f3 Nxc3 16. bxc3 Qc8 17. c4 dxc4 18. Nxc4 Nd5 19. Bg3 b5 20. Nd6 Bxd6 21. Bxd6 {0-1 (76) Musson,A (2101)-Batchelor,P (2132) London 2013}) 15. bxc3 Ra7 16. a4 Ne4 17. f3 Nd6 18. e4 Qc8 19. Qe2 f6 20. Ng4 {[%emt 0:08:32] Black must now prevent exd5.} Re8 (20... dxe4 $14 21. Nf2 (21. fxe4 Qe6 $14) 21... Qe6) 21. Bxd6 (21. exd5 $16 {Qa2 is the strong threat.} cxd5 22. Ne3) 21... Bxd6 $14 22. Nf2 Qc7 23. h3 Qf7 24. Nd3 dxe4 25. fxe4 Qc4 $1 26. Rbc1 ({Better is} 26. e5 $15) 26... b5 $17 27. axb5 cxb5 28. Qf3 (28. Rfe1 $17) 28... Rae7 (28... a4 $19 29. Kh1 a3) 29. Nf2 a4 {[%emt 0:01:40] &Nero is much more active.} 30. e5 (30. Ra1 $17 {was worth a try.}) 30... fxe5 $19 31. Ne4 {[%emt 0:00:19] [#]} Bb8 (31... Ba3 $1 $19 32. Nd2 Qa2) 32. Qg4 $2 {[%emt 0:01:09] Loses the game.} (32. d5 $1 $11 {and White stays safe.}) 32... Kh8 ({Don't play} 32... exd4 33. Nf6+ Kh8 34. Nxe8 Rxe8 35. cxd4 $16) 33. Qh4 $2 (33. d5) 33... exd4 34. cxd4 Qxd4+ 35. Qf2 Rxe4 36. Kh1 Qxf2 {[%emt 0:00:08] Weighted Error Value: White=0.90/Black=0.26 (precise)} 0-1

[Event "Portuguese-ch U14-20 2022"]
[Site "Fatima"]
[Date "2022.04.12"]
[Round "5.11"]
[White "Sismeiro, Miguel"]
[Black "Gomes, Estevao Manuel"]
[Result "1-0"]
[ECO "B31"]
[WhiteElo "2201"]
[BlackElo "2047"]
[Annotator "TA"]
[PlyCount "114"]
[EventDate "2022.04.10"]
[EventType "swiss"]
[EventCountry "POR"]
[SourceTitle "playchess.com"]
[Source "ChessBase"]
[SourceQuality "1"]
[TimeControl "5400+30"]

1. e4 c5 2. Nf3 Nc6 3. Bb5 g6 4. O-O Bg7 5. Nc3 Nd4 6. Re1 Nxb5 {[%emt 0:01:30] B31: Sicilian: 2...Nc6 3 Bb5 g6.} 7. Nxb5 d6 8. d4 a6 {[%emt 0:02:19] The position is equal.} 9. Nc3 {[%emt 0:00:05] Threatening dxc5.} cxd4 10. Nxd4 Nf6 11. Nd5 O-O 12. c3 Bd7 13. Bg5 {[%emt 0:00:06] [#]} Bc6 $146 ({Predecessor:} 13... e6 14. Nxf6+ Bxf6 15. Bxf6 Qxf6 16. a4 Rfd8 17. Qb3 Rab8 18. a5 Qe5 19. Qb4 Qc5 20. Qxc5 dxc5 {½-½ (34) Sismeiro,M (2203)-Silva,G (2213) Gaia 2021}) 14. Bxf6 exf6 15. Nxc6 bxc6 16. Ne3 Rb8 17. Re2 Re8 18. Qa4 Qc7 19. Rd1 Rb5 20. Qc4 Reb8 ({Better is} 20... Rbe5 $11) 21. b4 {[%emt 0:01:54] aiming for Red2. &Bianco is more active.} Re5 22. Qd3 ({White should play} 22. Red2 $14) 22... Re6 $11 23. Nc2 f5 24. exf5 Rxe2 25. Qxe2 Bxc3 26. fxg6 hxg6 27. Qc4 Bf6 28. Qxa6 d5 29. Qd3 c5 30. Qxd5 cxb4 31. Ne3 Rd8 32. Qb3 Rxd1+ 33. Qxd1 Qc5 34. Qd5 Qc1+ 35. Nd1 Bg5 36. g3 Bd2 37. Qb3 Kg7 $2 {[%emt 0:00:21] [#] Black cannot hold the game after this.} (37... Bh6 $14) 38. Qb2+ $1 $18 Qxb2 39. Nxb2 {[%emt 0:00:04][%mdl 4096] Endgame KB-KN} Kf6 40. Kf1 {[%emt 0:00:05] Threatens to win with Ke2.} Ke6 (40... Kf5 $142 41. Ke2 Bc3) 41. Ke2 Bg5 42. Kd3 Kd5 43. Nc4 Bf6 44. f4 Bd4 45. Nd2 Bc3 46. Ne4 Bd4 47. Ng5 Bg1 48. Nf3 ({Inferior is} 48. Nxf7 Bxh2 49. Nh8 Bxg3 $11) 48... Bc5 49. h4 Bf2 $2 {[%emt 0:01:21] [#]} (49... Ba7 {is a better chance.} 50. Ke2 Ke6) 50. g4 Bg3 51. Ke3 Kc4 (51... Kd6 $18 52. h5 gxh5) 52. h5 {[%emt 0:00:18] White mates.} g5 53. h6 Bxf4+ 54. Ke4 Kc3 55. h7 Kb2 56. h8=Q+ Kxa2 57. Qa8+ Kb2 {[%emt 0:00:14] Weighted Error Value: White=0.08 (flawless) /Black=0.40} 1-0

[Event "Portuguese-ch U14-20 2022"]
[Site "Fatima"]
[Date "2022.04.12"]
[Round "5.12"]
[White "Simoes, Miguel Patricio"]
[Black "Bastiao, Tomas"]
[Result "1/2-1/2"]
[ECO "B35"]
[WhiteElo "2001"]
[BlackElo "1664"]
[Annotator "NA"]
[PlyCount "169"]
[EventDate "2022.04.10"]
[EventType "swiss"]
[EventCountry "POR"]
[SourceTitle "playchess.com"]
[Source "ChessBase"]
[SourceQuality "1"]
[TimeControl "5400+30"]

1. e4 c5 2. Nf3 Nc6 3. d4 cxd4 4. Nxd4 g6 5. Nc3 Bg7 6. Be3 Nf6 7. Bc4 O-O 8. Bb3 Re8 9. O-O a6 10. h3 e6 11. Qf3 d5 12. exd5 Nxd5 13. Nxd5 Nxd4 14. Bxd4 Bxd4 15. Nc3 Qc7 16. Nd1 Bd7 17. c3 Bc6 18. Qg4 Bf6 19. Ne3 Red8 20. Rad1 Rxd1 21. Rxd1 Rd8 22. Rxd8+ Qxd8 23. Qe2 h5 24. Bc2 Qa5 25. a3 Qe5 26. Bd3 Qg5 27. g3 h4 28. Qg4 hxg3 29. Qxg3 Qxg3+ 30. fxg3 Be7 31. Kf2 f5 32. Nc4 Bb5 33. Ne5 Bd6 34. Bxb5 Bxe5 35. Bd7 a5 36. Bxe6+ Kf8 37. a4 b6 38. g4 Ke7 39. gxf5 Kf6 40. Bc8 gxf5 41. Ke3 Kg5 42. Kd3 Bd6 43. Ke3 Bc5+ 44. Kf3 Bd6 45. Be6 Kf6 46. Bc4 Kg5 47. Bd3 Bc5 48. h4+ Kxh4 49. Kf4 Kh5 50. Kxf5 Kh6 51. Kf6 Kh5 52. Be2+ Kh4 53. Ke6 Kg5 54. Kd5 Kf6 55. Kc4 Ke6 56. b4 axb4 57. cxb4 Bg1 58. Kb5 Kd6 59. Ka6 Kc7 60. Bf3 Kb8 61. b5 Bf2 62. Bg2 Bg1 63. Bf3 Bf2 64. a5 bxa5 65. Kxa5 Bg1 66. b6 Bd4 67. Kb5 Ba1 68. Kc4 Bh8 69. Bh1 Ba1 70. Bf3 Bg7 71. Kb5 Ba1 $11 72. Kc6 Bf6 73. Kd7 Ba1 74. Kd8 Be5 75. Ke8 Ba1 76. Bh1 Bd4 77. Bg2 Ba1 78. Bh1 Bc3 79. Bf3 Ba1 80. Bh1 Bb2 81. Bg2 Ba1 82. Bh1 Bb2 83. Bg2 Bc1 84. Bf1 Bh6 85. Ba6 1/2-1/2

[Event "Portuguese-ch U14-20 2022"]
[Site "Fatima"]
[Date "2022.04.12"]
[Round "5.13"]
[White "Abdurramane, Danial Germano"]
[Black "Ribeiro, Rodrigo"]
[Result "0-1"]
[ECO "D04"]
[WhiteElo "1772"]
[BlackElo "1866"]
[Annotator "NA RC"]
[PlyCount "131"]
[EventDate "2022.04.10"]
[EventType "swiss"]
[EventCountry "POR"]
[SourceTitle "playchess.com"]
[Source "ChessBase"]
[SourceQuality "1"]
[TimeControl "5400+30"]

1. d4 d5 2. Nf3 Nf6 3. e3 c6 4. Bd3 Bg4 5. Nbd2 Nbd7 6. c4 e6 7. b3 Bd6 8. Qc2 a6 9. Bb2 Qb8 10. h3 Bh5 11. O-O O-O 12. Ne1 e5 13. e4 dxe4 14. Nxe4 Nxe4 15. Bxe4 Nf6 16. Nf3 Nxe4 17. Qxe4 f5 18. Qe3 e4 19. Ne5 Qe8 $1 20. Rfe1 Qe7 21. Nd3 Rae8 22. Nf4 Bf7 23. Qd2 Qg5 24. Bc1 Qh4 25. g3 Qe7 26. h4 Bb4 27. Qe2 Bxe1 28. Qxe1 Rd8 29. Bb2 Rfe8 30. Qe3 g5 (30... b5 $17 31. cxb5 axb5) 31. hxg5 Qxg5 32. Rd1 Bh5 33. Rd2 Bf3 34. d5 Qh6 35. Ng2 Qxe3 36. Nxe3 Rf8 37. d6 f4 38. gxf4 Rxf4 39. Kh2 Rd7 40. Kg3 Rf8 41. c5 Kf7 42. Nc4 Ke6 43. Nb6 Rdf7 (43... Rg8+ $19 44. Kh3 Rf7) 44. d7 Rg8+ 45. Kh2 Rd8 (45... Ke7 $15 46. Bc3 Bg4) 46. Rd6+ Ke7 47. Kg3 h5 48. Nc8+ Kf8 49. Rh6 Rfxd7 50. Nd6 Rxd6 51. cxd6 Rd7 (51... Ke8 $11) 52. Bf6 Ke8 $16 ({Not} 52... Rxd6 {[#]} 53. Bg7+ $1 Ke7 54. Bf8+ $1 Kxf8 55. Rxd6 $16) (52... Kg8 $14) 53. Be7 Kf7 54. Rf6+ Kg7 55. Kf4 b5 56. Ke5 Rb7 57. Kd4 Bg2 58. Rf5 Kh6 59. Rg5 Bf3 60. Kc5 h4 61. Rg8 Kh7 62. Rc8 h3 63. Bf6 h2 64. Rc7+ Rxc7 65. dxc7 Bg4 66. Kd4 0-1

[Event "Portuguese-ch U14-20 2022"]
[Site "Fatima"]
[Date "2022.04.12"]
[Round "5.14"]
[White "Gama, Joao Tiago"]
[Black "Sousa, Ricardo Miguel Morai"]
[Result "1/2-1/2"]
[ECO "B17"]
[WhiteElo "1637"]
[BlackElo "2077"]
[Annotator "TA"]
[PlyCount "92"]
[EventDate "2022.04.10"]
[EventType "swiss"]
[EventCountry "POR"]
[SourceTitle "playchess.com"]
[Source "ChessBase"]
[SourceQuality "1"]
[TimeControl "5400+30"]

1. e4 c6 2. d4 d5 3. Nc3 dxe4 4. Nxe4 Nd7 5. Nf3 Ngf6 6. Ng3 e6 7. Bd3 c5 8. O-O cxd4 9. Nxd4 Bc5 10. Nb3 Be7 11. a4 {[%emt 0:04:17] B17: Caro-Kann: Modern Line (4...Nd7).} (11. Re1 {keeps more tension.} O-O 12. Nh5 a5 13. c3) 11... O-O {[%emt 0:00:45] [#]} 12. Bd2 $146 ({Better is} 12. Qe2 $11) ({Predecessor:} 12. Qe2 Nb6 13. Ne4 Nbd5 14. Nxf6+ Nxf6 15. Bf4 Nd5 16. Bg3 Bd6 17. Rfd1 Bxg3 18. hxg3 Qc7 {½-½ (40) Iordachescu,V (2611)-Arun Prasad,S (2482) Al Ain 2014}) 12... b6 (12... Ne5 $15) 13. Re1 {[%emt 0:00:11] The position is equal.} Bb7 14. a5 Nc5 15. Nxc5 bxc5 16. Ne4 Qc7 17. Bc3 Nd5 18. Qh5 {[%emt 0:03:50] [#] Ng5 would kill now.} g6 19. Qe5 Qxe5 20. Bxe5 f6 (20... Rfd8 $11 {remains equal.}) 21. Bd6 $16 Bxd6 22. Nxd6 Bc6 23. Rxe6 {[%emt 0:01:27] Bc4 is the strong threat.} Nf4 24. Re7 Nxd3 25. cxd3 Rad8 26. Nc4 {0x0.002ceff46a05dp-1022s more active pieces.} a6 27. Rd1 (27. Re6 $16 Bb5 28. g3) 27... Bb5 {[%emt 0:05:17] Strongly threatening ...Bxc4.} 28. b3 Rd4 29. Kf1 Rfd8 30. Ke2 R4d5 31. f3 Rh5 32. h3 Rg5 ({Black should play} 32... Rhd5) 33. g4 Rgd5 34. Ke3 Rd4 35. Rd2 R4d5 36. Ke2 Rd4 37. Rc7 R4d5 38. Rd1 h5 39. Rd2 hxg4 40. hxg4 R8d7 41. Rxd7 Rxd7 {[%emt 0:00:02] KRB-KRN} 42. Ke3 Re7+ {[%emt 0:01:17] [#]} 43. Kf2 $1 Rd7 {[%emt 0:00:17] Against Nd6} 44. f4 Rd4 (44... Kf7 $142) 45. Ke3 g5 46. Rf2 Kg7 {[%emt 0:00:28] Weighted Error Value: White=0.11 (very precise) /Black=0.17 (very precise)} 1/2-1/2

[Event "Portuguese-ch U14-20 2022"]
[Site "Fatima"]
[Date "2022.04.12"]
[Round "5.15"]
[White "Pina, Tiago"]
[Black "Duque, Raquel Dos Santos"]
[Result "1-0"]
[ECO "C65"]
[WhiteElo "1938"]
[BlackElo "1510"]
[Annotator "RC"]
[PlyCount "65"]
[EventDate "2022.04.10"]
[EventType "swiss"]
[EventCountry "POR"]
[SourceTitle "playchess.com"]
[Source "ChessBase"]
[SourceQuality "1"]
[TimeControl "5400+30"]

1. e4 e5 2. Nf3 Nc6 3. Bb5 Nf6 4. d3 d6 5. O-O Be7 6. c3 O-O 7. Re1 h6 8. Nbd2 Nh7 9. d4 exd4 10. cxd4 Bg4 11. h3 Bxf3 12. Nxf3 Ng5 13. Nxg5 Bxg5 14. Bxc6 bxc6 15. f4 Bh4 16. Rf1 Qb8 17. b3 Qb6 18. Be3 f5 19. e5 dxe5 20. fxe5 Rad8 21. Qh5 f4 22. Qxh4 fxe3 23. Rxf8+ Rxf8 24. Re1 c5 25. d5 e2 26. Qc4 Rf1+ 27. Rxf1 exf1=Q+ 28. Kxf1 Qb4 29. Qxb4 cxb4 30. Ke2 Kf7 31. Kd3 Kg6 32. Kc4 Kf5 33. e6 1-0

[Event "Portuguese-ch U14-20 2022"]
[Site "Fatima"]
[Date "2022.04.12"]
[Round "5.16"]
[White "Soares, Luis Francisco Almei"]
[Black "Fonseca, Pedro Miguel Ramos"]
[Result "1-0"]
[ECO "B33"]
[WhiteElo "2000"]
[BlackElo "1788"]
[Annotator "RC"]
[PlyCount "40"]
[EventDate "2022.04.10"]
[EventType "swiss"]
[EventCountry "POR"]
[SourceTitle "playchess.com"]
[Source "ChessBase"]
[SourceQuality "1"]
[TimeControl "5400+30"]

1. e4 c5 2. Nf3 Nc6 3. d4 cxd4 4. Nxd4 Nf6 5. Nc3 e6 6. Ndb5 Bc5 7. Nd6+ Ke7 8. Bf4 e5 9. Nf5+ Kf8 10. Bg5 Qb6 11. Qd2 Bxf2+ 12. Qxf2 Qxb2 13. Qc5+ Kg8 14. Rb1 Nxe4 15. Rxb2 Nxc5 16. Be3 Ne6 17. Bc4 g6 18. Bxe6 dxe6 19. Nd6 Kg7 20. Rf1 f5 1-0

[Event "Portuguese-ch U14-20 2022"]
[Site "Fatima"]
[Date "2022.04.12"]
[Round "5.17"]
[White "Monteiro, Simao Costa"]
[Black "Medeiros, Joao"]
[Result "0-1"]
[ECO "C24"]
[WhiteElo "1346"]
[BlackElo "1331"]
[Annotator "NA RC"]
[PlyCount "114"]
[EventDate "2022.04.10"]
[EventType "swiss"]
[EventCountry "POR"]
[SourceTitle "playchess.com"]
[Source "ChessBase"]
[SourceQuality "1"]
[TimeControl "5400+30"]

1. e4 e5 2. Bc4 Nf6 3. d3 Bc5 4. Nc3 c6 5. Nf3 d5 6. exd5 cxd5 7. Bb5+ Bd7 8. Bxd7+ Nbxd7 9. d4 exd4 10. Nxd4 O-O 11. O-O Nb6 12. Bg5 h6 13. Bh4 g5 14. Bg3 Ne4 15. Nf5 Qf6 16. Nxe4 dxe4 17. Qg4 Rfe8 18. Rfe1 h5 19. Qh3 h4 20. Bc7 Rac8 21. Bxb6 Bxb6 22. c3 Rc5 23. Ne3 Rb5 24. Ng4 Qg6 25. Re2 f5 26. Ne3 Qh7 27. g3 hxg3 28. Qxh7+ Kxh7 29. hxg3 Bxe3 30. fxe3 Rd8 31. Rf1 Kg6 32. Kg2 Rbd5 33. Kh3 g4+ 34. Kg2 Kf6 35. Rh1 Kg6 36. c4 Rd2 37. Kf2 Rd1 38. Rxd1 Rxd1 39. Re1 Rd3 40. Ke2 Rd7 41. Rh1 Rc7 42. b3 Kf6 43. Kd2 Rd7+ 44. Kc2 Ke5 45. Rh6 Rd3 46. Rh7 Rxe3 47. Rxb7 Rxg3 48. Rb5+ Kf4 49. c5 e3 50. c6 Rg2+ 51. Kd1 e2+ 52. Ke1 Rg1+ 53. Kxe2 Rc1 54. Rb4+ Ke5 55. Rc4 Rxc4 56. bxc4 Kd6 57. c5+ Kxc6 0-1

[Event "Portuguese-ch U14-20 2022"]
[Site "Fatima"]
[Date "2022.04.12"]
[Round "5.18"]
[White "Gomes, Guilherme Rodrigues"]
[Black "Goncalves, Samuel Jesus P"]
[Result "0-1"]
[ECO "B01"]
[WhiteElo "1899"]
[BlackElo "1807"]
[Annotator "NA RC"]
[PlyCount "32"]
[EventDate "2022.04.10"]
[EventType "swiss"]
[EventCountry "POR"]
[SourceTitle "playchess.com"]
[Source "ChessBase"]
[SourceQuality "1"]
[TimeControl "5400+30"]

1. e4 d5 2. Qf3 dxe4 3. Qxe4 Nf6 4. Qd3 Nbd7 5. b4 e5 6. Bb2 Bxb4 7. c3 Bd6 8. Nf3 O-O 9. Be2 e4 10. Qd4 exf3 11. Bxf3 Re8+ 12. Kd1 Ne5 13. c4 Bf5 14. Nc3 c5 15. Qe3 $19 Nxc4 16. Qg5 Bf4 0-1

[Event "Portuguese-ch U14-20 2022"]
[Site "Fatima"]
[Date "2022.04.12"]
[Round "5.19"]
[White "Oliveira, Maria Elisa Ramos Ma"]
[Black "Asseiceiro, Lucas Teixeira"]
[Result "1-0"]
[ECO "D05"]
[WhiteElo "1316"]
[BlackElo "1580"]
[Annotator "NA RC"]
[PlyCount "70"]
[EventDate "2022.04.10"]
[EventType "swiss"]
[EventCountry "POR"]
[SourceTitle "playchess.com"]
[Source "ChessBase"]
[SourceQuality "1"]
[TimeControl "5400+30"]

1. d4 d5 2. Nf3 Nf6 3. e3 e6 4. Bd3 c5 5. b3 Nc6 6. Bb2 Bd6 7. Nbd2 b6 8. O-O O-O 9. a3 Bb7 10. Ne5 Qc7 11. f4 Rac8 12. Rf3 Qe7 13. Rh3 h6 14. Qf3 Kh8 15. Kh1 a5 16. g4 Bxe5 17. fxe5 Nh7 18. Qg3 Ng5 19. Rh5 f6 20. Kg1 fxe5 21. dxc5 e4 22. Rxh6+ Kg8 23. Rg6 Rf7 24. Be2 e5 25. h4 Nh7 26. cxb6 Rf6 27. Rxf6 Nxf6 28. g5 Nd7 29. c4 Qc5 30. Bg4 Rd8 31. Be6+ Kh8 32. Bxd5 Nf8 33. Nxe4 Qxb6 34. Qf3 Bc8 35. g6 Rxd5 1-0

[Event "Portuguese-ch U14-20 2022"]
[Site "Fatima"]
[Date "2022.04.12"]
[Round "5.20"]
[White "Bernardo, Beatriz Nunes"]
[Black "Rodrigues, Jose Pedro Da Costa"]
[Result "1-0"]
[ECO "B13"]
[WhiteElo "1144"]
[BlackElo "1533"]
[Annotator "NA"]
[PlyCount "68"]
[EventDate "2022.04.10"]
[EventType "swiss"]
[EventCountry "POR"]
[SourceTitle "playchess.com"]
[Source "ChessBase"]
[SourceQuality "1"]
[TimeControl "5400+30"]

1. e4 c6 2. d4 d5 3. exd5 cxd5 4. Bd3 Nc6 5. c3 Nf6 6. Bf4 g6 7. Nf3 Bg7 8. O-O Bg4 9. Nbd2 Nh5 10. Be3 Nf6 11. h3 Bf5 12. Bxf5 gxf5 13. Bf4 Rg8 14. Qe2 a6 15. Rfe1 Ne4 16. Ng5 h6 17. Ngxe4 fxe4 18. Nb3 e5 19. Bg3 exd4 20. cxd4 Nxd4 21. Nxd4 Bxd4 22. Kh1 Qg5 23. Rad1 Bb6 24. h4 Qf5 25. Rf1 Rd8 26. Qc2 Qe6 27. Qa4+ Kf8 28. Qb4+ Kg7 29. Be5+ Kh7 30. Bd4 Qg4 31. g3 Qh3+ 32. Kg1 Rxg3+ 33. fxg3 Qxg3+ 34. Kh1 Qxh4+ 1-0

[Event "Portuguese-ch U14-20 2022"]
[Site "Fatima"]
[Date "2022.04.12"]
[Round "5.22"]
[White "Basilio, Rodrigo"]
[Black "Ribeiro, Gustavo"]
[Result "1/2-1/2"]
[ECO "A35"]
[WhiteElo "1941"]
[BlackElo "1860"]
[Annotator "RC"]
[PlyCount "95"]
[EventDate "2022.04.10"]
[EventType "swiss"]
[EventCountry "POR"]
[SourceTitle "playchess.com"]
[Source "ChessBase"]
[SourceQuality "1"]
[TimeControl "5400+30"]

1. c4 c5 2. Nc3 Nc6 3. Nf3 d6 4. e3 Bg4 5. Be2 g6 6. d4 cxd4 7. exd4 Bg7 8. Be3 Nf6 9. d5 Bxf3 10. Bxf3 Ne5 11. Be2 Qc8 12. Qa4+ Qd7 13. h3 O-O 14. f4 Qxa4 15. Nxa4 Ned7 16. Bf3 b6 17. O-O Rfc8 18. Rac1 Nc5 19. Nxc5 bxc5 20. Bd2 Nd7 21. Bc3 Rab8 22. Rfe1 Re8 23. Re2 Rb7 24. b3 Bxc3 25. Rxc3 a5 26. Rce3 Nb6 27. Be4 Kg7 28. g4 Nd7 29. Bc2 Nf8 30. f5 g5 31. h4 h6 32. hxg5 hxg5 33. Rh3 Nd7 34. Rh5 Ne5 35. Rxg5+ Kf6 36. Rh5 Rg8 37. Rh6+ Kg5 38. Rh7 Kf4 39. Re4+ Kg3 40. Bd1 f6 41. Rh2 Nf3+ 42. Bxf3 Kxf3 43. Ree2 Rxg4+ 44. Kf1 Rf4 45. Ke1 Rxf5 46. Ref2+ Kg4 47. Rhg2+ Kh3 48. Rh2+ 1/2-1/2

[Event "Portuguese-ch U14-20 2022"]
[Site "Fatima"]
[Date "2022.04.12"]
[Round "5.23"]
[White "Bartolo, Filipe Diogo Correia"]
[Black "Guia, Artur Solovyov Eloy"]
[Result "1/2-1/2"]
[ECO "A30"]
[WhiteElo "1869"]
[BlackElo "1932"]
[Annotator "RC"]
[PlyCount "61"]
[EventDate "2022.04.10"]
[EventType "swiss"]
[EventCountry "POR"]
[SourceTitle "playchess.com"]
[Source "ChessBase"]
[SourceQuality "1"]
[TimeControl "5400+30"]

1. Nf3 c5 2. g3 b6 3. Bg2 Bb7 4. O-O e6 5. c4 Nf6 6. Nc3 Be7 7. d4 cxd4 8. Nxd4 Bxg2 9. Kxg2 a6 10. e4 Qc7 11. Qe2 Nc6 12. Be3 O-O 13. Rac1 d6 14. Rfd1 Rfd8 15. f3 h6 16. Nxc6 Qxc6 17. Qf2 Rab8 18. b3 Rdc8 19. Bf4 Ne8 20. Na4 Qb7 21. e5 Rc6 22. exd6 Bxd6 23. Bxd6 Nxd6 24. c5 bxc5 25. Rxc5 Rbc8 26. Rdc1 Nf5 27. Rxc6 Rxc6 28. Rxc6 Qxc6 29. Nb2 Qc3 30. Nc4 Nd4 31. Qe3 1/2-1/2

[Event "Portuguese-ch U14-20 2022"]
[Site "Fatima"]
[Date "2022.04.12"]
[Round "5.24"]
[White "Nalivaiko, Maksim"]
[Black "Paiva, Rodrigo Garcia"]
[Result "0-1"]
[ECO "B23"]
[WhiteElo "1439"]
[BlackElo "1667"]
[Annotator "NA RC"]
[PlyCount "94"]
[EventDate "2022.04.10"]
[EventType "swiss"]
[EventCountry "POR"]
[SourceTitle "playchess.com"]
[Source "ChessBase"]
[SourceQuality "1"]
[TimeControl "5400+30"]

1. e4 c5 2. Nc3 e6 3. Bc4 a6 4. d3 b5 5. Bb3 Nc6 6. Nge2 Nf6 7. Bg5 Be7 8. Qd2 Qb6 9. a4 b4 10. Nd1 Na5 11. Nc1 Bb7 12. O-O c4 13. Bxf6 Bxf6 14. Bxc4 Nxc4 15. dxc4 Bxe4 16. Nd3 a5 17. Rb1 O-O 18. b3 Be7 19. Ne3 f5 20. Rfe1 Bf6 21. Qe2 Bc6 22. Rbd1 Bc3 23. Rf1 f4 24. Ng4 f3 25. Qe3 Bd4 26. c5 Bxe3 27. cxb6 fxg2 28. Rfe1 Bxb6 29. Nde5 Rac8 30. Nxc6 Rxc6 31. Rxd7 Rxc2 32. Rxe6 Bxf2+ 33. Nxf2 Rcxf2 34. Re5 Rb2 35. Rd1 Rbf2 36. Rd7 Rb2 37. Rd1 Rxb3 38. Rxa5 Rb2 39. Ra7 b3 40. a5 Rbf2 41. Rdd7 R2f7 42. Rdb7 b2 43. a6 b1=Q+ 44. Kxg2 Qf1+ 45. Kg3 Qf3+ 46. Kh4 Rf4+ 47. Kg5 R8f5# 0-1

[Event "Portuguese-ch U14-20 2022"]
[Site "Fatima"]
[Date "2022.04.12"]
[Round "5.25"]
[White "Coelho, Goncalo Cavaz"]
[Black "Afonso, Joao Pedro"]
[Result "1-0"]
[ECO "B12"]
[WhiteElo "1680"]
[BlackElo "1501"]
[Annotator "NA RC"]
[PlyCount "89"]
[EventDate "2022.04.10"]
[EventType "swiss"]
[EventCountry "POR"]
[SourceTitle "playchess.com"]
[Source "ChessBase"]
[SourceQuality "1"]
[TimeControl "5400+30"]

1. e4 c6 2. d4 d5 3. e5 c5 4. Nf3 cxd4 5. Nxd4 Nc6 6. Bb5 Bd7 7. e6 fxe6 8. Bxc6 bxc6 9. Qh5+ g6 10. Qe5 Nf6 11. Nxe6 Bxe6 12. Qxe6 Qd7 13. Qxd7+ Nxd7 14. f4 Bg7 15. c3 O-O 16. O-O e5 17. Be3 d4 18. cxd4 exf4 19. Bf2 Rab8 20. Nd2 Rxb2 21. Nb3 Nf6 22. Rfb1 Rxb1+ 23. Rxb1 Ne4 24. Rc1 Rc8 25. d5 Nc3 26. Rc2 Nxd5 27. Bxa7 Ra8 28. Bc5 g5 29. Nd2 Nc3 30. a3 Rd8 31. Bb4 Ne2+ 32. Kf1 Nd4 33. Rc4 Re8 34. Bc3 Nc2 35. Rxc6 Nxa3 36. Bxg7 Kxg7 37. Rc3 Nb5 38. Rc5 Nd6 39. Rxg5+ Kf6 40. Ra5 Nf5 41. Ra6+ Kg5 42. Nf3+ Kg4 43. Kf2 Ne3 44. Ra5 Nf5 45. h3+ 1-0

[Event "Portuguese-ch U14-20 2022"]
[Site "Fatima"]
[Date "2022.04.12"]
[Round "5.26"]
[White "Goncalves, Ruan Lucas Alves"]
[Black "Almeida, Joao Pedro Dias"]
[Result "1-0"]
[ECO "C50"]
[WhiteElo "1963"]
[BlackElo "1508"]
[Annotator "RC"]
[PlyCount "59"]
[EventDate "2022.04.10"]
[EventType "swiss"]
[EventCountry "POR"]
[SourceTitle "playchess.com"]
[Source "ChessBase"]
[SourceQuality "1"]
[TimeControl "5400+30"]

1. e4 e5 2. Nf3 Nf6 3. Nc3 Nc6 4. Bc4 Bc5 5. d3 h6 6. Ne2 d6 7. c3 O-O 8. O-O a6 9. a4 Be6 10. Bb3 Ba7 11. Ng3 d5 12. Qc2 dxe4 13. dxe4 Qe7 14. Be3 Bxe3 15. fxe3 Ng4 16. Rae1 Bxb3 17. Qxb3 Qc5 18. Qc2 Rad8 19. Qe2 Rd7 20. Nh4 f5 21. Ngxf5 Nf6 22. Qf3 Qc4 23. Qg3 Qxe4 24. Nxh6+ Kh7 25. Rf5 gxh6 26. Qg6+ Kh8 27. Rxf6 Qxg6 28. Nxg6+ Kg7 29. Nxf8 Rd8 30. Rxc6 1-0

[Event "Portuguese-ch U14-20 2022"]
[Site "Fatima"]
[Date "2022.04.12"]
[Round "5.27"]
[White "Korotkyi, Daniyil"]
[Black "Gaspar, Bernardo"]
[Result "1/2-1/2"]
[ECO "C68"]
[WhiteElo "1726"]
[BlackElo "1365"]
[Annotator "NA RC"]
[PlyCount "55"]
[EventDate "2022.04.10"]
[EventType "swiss"]
[EventCountry "POR"]
[SourceTitle "playchess.com"]
[Source "ChessBase"]
[SourceQuality "1"]
[TimeControl "5400+30"]

1. e4 e5 2. Nf3 Nc6 3. Bb5 a6 4. Bxc6 dxc6 5. O-O Bd6 6. h3 Be6 7. Nc3 Qd7 8. Ng5 O-O-O 9. Nxe6 Qxe6 10. d3 Ne7 11. Qe2 f6 12. Be3 g5 13. Kh2 h5 14. g3 Rdg8 15. a3 Ng6 16. b4 Rg7 17. Rg1 Nf4 18. Qf1 g4 19. h4 Nh3 20. Rh1 Rgh7 21. Ne2 f5 22. Ng1 Nxg1 23. Rxg1 f4 24. Bd2 fxg3+ 25. fxg3 Rf7 26. Qe2 Rhf8 27. Rgf1 Rf3 28. Kg2 1/2-1/2